 Dungeon Crawl Stone Soup version 0.28.0-45-g0d030f2227 (webtiles) character file.

Game seed: 11641011331988646667

49 issech the Cudgeller (level 3, -1/36 HPs)
             Began as a Troll Monk on Apr 17, 2022.
             Slain by Terence
             ... wielding a +0 trident
              (9 damage)
             ... on level 2 of the Dungeon.
             The game lasted 00:04:19 (1313 turns).

issech the Cudgeller (Troll Monk)                   Turns: 1313, Time: 00:04:20

Health: -1/36      AC:  4    Str: 19    XL:     3   Next: 53%
Magic:  2/2        EV: 10    Int:  6    God:
Gold:   85         SH:  0    Dex: 14    Spells: 2/2 levels left

rFire   . . .      SeeInvis .   g - +0 long sword
rCold   . . .      Faith    .   (no shield)
rNeg    . . .      Spirit   .   b - +0 robe
rPois   .          Reflect  .   (helmet restricted)
rElec   .          Harm     .   (no cloak)
rCorr   .          Rampage  .   (gloves unavailable)
Will    .....                   (boots unavailable)
Stlth   ++........              (no amulet)
HPRegen 0.92/turn               (no ring)
MPRegen 0.08/turn               (no ring)

@: no status effects
A: large, unfitting armour, claws 3, regeneration 1, shaggy fur 1, tough skin 1
a: no special abilities


You were on level 2 of the Dungeon.
You visited 1 branch of the dungeon, and saw 2 of its levels.

You collected 85 gold pieces.

Inventory:

Hand Weapons
 a - a +0 mace
 g - a +0 long sword (weapon)
 m - a +0 flail
Missiles
 d - 54 stones
 f - 2 boomerangs (quivered)
 j - 41 arrows
Armour
 b - a +0 robe (worn)
 o - an orb of guile
Scrolls
 c - a scroll of brand weapon {unknown}
 h - a scroll of immolation {unknown}
 k - a scroll of blinking {unknown}
Potions
 e - a potion of heal wounds {unknown}
 i - a potion of curing {unknown}
 l - a potion of might {unknown}
 n - a potion of attraction {unknown}
 p - a potion of flight {unknown}


   Skills:
 + Level 2.7 Fighting
 + Level 1.1 Long Blades
 + Level 3.1 Maces & Flails
 + Level 2.8 Dodging
 + Level 1.1 Stealth


You had 2 spell levels left.
You didn't know any spells.
Your spell library contained the following spells:

 Spells                   Type           Power      Damage    Failure   Level
 Ozocubu's Armour         Ice            0%         N/A       83%         3
 Ozocubu's Refrigeration  Ice            0%         4d5       100%        7


Dungeon Overview and Level Annotations

Branches:
Dungeon (2/15)

Altars:

Shops:
D:1 =

Annotations:
D:2 Terence


Innate Abilities, Weirdness & Mutations

You are too large for most types of armour.
You have claws for hands.
Your natural rate of healing is unusually fast.
You are covered in fur. (AC +1)
You have tough skin. (AC +1)


Message History

The helpless ball python fails to defend itself.
You hit the ball python.
The ball python is moderately wounded.
The ball python barely misses you. x2
You slash the ball python!
You kill the ball python!
The dart slug launches a dart at you. The slug dart hits you.
The dart slug launches a dart at you. The slug dart hits you.
You see here a ball python corpse.
The dart slug closely misses you.
You slash the dart slug! You claw the dart slug.
You kill the dart slug!
HP restored.
Terence the Incautious comes into view.
He is wielding a +0 trident.
Terence shouts!
Terence hits you with a +0 trident.
You hit Terence.
Terence is lightly wounded.
Terence hits you with a +0 trident.
You hit Terence.
Terence is moderately wounded.
Terence hits you with a +0 trident.
You hit Terence.
Terence is heavily wounded.
Terence misses you. Terence hits you with a +0 trident!
You completely miss Terence.
Terence is heavily wounded.
Terence hits you with a +0 trident!
You closely miss Terence.
Terence is heavily wounded.
Terence completely misses you.
Unknown command.
You hit Terence but do no damage.
Terence is heavily wounded.
Terence closely misses you. Terence hits you with a +0 trident!
* * * LOW HITPOINT WARNING * * *
Terence hits you from afar with a +0 trident!
You die...

#.# #.#.####.###.###
########.###.####.........)..#
.......#............########.#
######.#####......### #.#
...........#####..# #.#
######.###.# #..# #.# #.#
#.#####..###### #.# #.#
#.............. ..#
#.###..####@.###### ###
#....†.......# #####..####@##
#..# #.# #### .#. # #


You could see Terence.

Vanquished Creatures
  An adder (D:2)
  A worm (D:2)
  2 dart slugs (D:2)
  5 orcs (D:2)
  2 ball pythons (D:2)
  A giant cockroach (D:2)
  A goblin (D:2)
  A hobgoblin (D:1)
  4 jackals (D:2)
  A quokka (D:1)
  2 bats
  2 frilled lizards
  3 kobolds (D:1)
  2 rats
28 creatures vanquished.

Vanquished Creatures (others)
  A fungus (D:2)
1 creature vanquished.

Grand Total: 29 creatures vanquished

Notes
Turn   | Place    | Note
-------+----------+-------------------------------------------
     0 | D:1      | issech the Troll Monk began the quest for the Orb.
     0 | D:1      | Reached XP level 1. HP: 22/22 MP: 0/0
   254 | D:1      | Found a faded altar of an unknown god.
   285 | D:1      | Found Weoroh's Jewellery Emporium.
   744 | D:2      | Reached XP level 2. HP: 28/29 MP: 1/1
   754 | D:2      | Reached skill level 3 in Maces & Flails
  1015 | D:2      | Reached XP level 3. HP: 36/36 MP: 2/2
  1220 | D:2      | Reached skill level 1 in Long Blades
  1303 | D:2      | Noticed Terence
  1313 | D:2      | Slain by Terence

Illustrated notes

Levels and vault maps discovered:
D:1:      dpeg_arrival_rooms_with_view, layout_loops_ring, serial_shops,
          nicolae_shop_temple_entry_statues_fountains,
          shapermc_ecumenical_altar_petra, kennysheep_pointless_box
D:2:      layout_loops_ring, uniq_crazy_yiuf_cottage, uniq_terence

Skill      XL: |  1  2  3 |
---------------+----------+-----
Maces & Flails | 3 |  3.1
Long Blades    | 1 |  1.1
Fighting       | |  2.7
Dodging        | |  2.8
Stealth        | |  1.1

Action                   || total
-------------------------++-------
Melee: Long sword        ||    87
       Mace              ||    16
       Punch             ||     1
 Stab: Sleeping          ||     1
Armor: Robe              ||    40
Dodge: Dodged            ||    61
